Map: Interloper LE

Players

Winthrowe

  • Race: Protoss Protoss
  • League: Silver
  • Spawn Location: 11:00

StevenHaun - Winner!

  • Race: Protoss Protoss
  • League: Bronze
  • Spawn Location: 5:00

VOD

Have the link to the VOD?

Description

Time

  • Played on: Sept. 3, 2017, 8:16 p.m.
  • Length: 3:57
Show
View Real Time Build Order
Export as new Build Order

Winthrowe Protoss 

Build Orders:  

Get SALT Encoding   

  12  0:15  Probe (Chrono Boost)  
  13  0:30  Probe (Chrono Boost)  
  14  0:48  Pylon  
  14  0:52  Pylon  
  14  0:55  Pylon  
  14  1:00  Probe (Chrono Boost)  
  15  1:05  Assimilator  
  15  1:10  Assimilator  
  15  1:15  Gateway  
  15  1:32  Gateway  
  15  1:34  Probe (Chrono Boost)  
  16  1:45  Probe (Chrono Boost)  
  17  1:55  Probe (Chrono Boost)  
  18  2:06  Probe (Chrono Boost)  
  19  2:16  Probe (Chrono Boost)  
  19  2:21  Zealot x2  
  24  2:27  Probe (Chrono Boost)  
  25  2:37  Probe (Chrono Boost)  
  26  2:48  Probe (Chrono Boost)  
  27  3:02  Zealot  
  27  3:04  Zealot  
  23  3:28  Cybernetics Core  
Show
View Real Time Build Order
Export as new Build Order

StevenHaun Protoss - Winner!

Build Orders:  

Get SALT Encoding   

  12  0:03  Probe (Chrono Boost)  
  13  0:14  Probe (Chrono Boost)  
  14  0:24  Probe (Chrono Boost)  
  14  0:27  Pylon  
  15  0:32  Assimilator  
  15  0:46  Probe (Chrono Boost)  
  17  0:57  Probe (Chrono Boost)  
  17  1:07  Probe (Chrono Boost)  
  18  1:17  Gateway  
  18  1:18  Probe (Chrono Boost)  
  19  1:20  Gateway  
  19  1:27  Pylon  
  19  1:28  Probe (Chrono Boost)  
  20  1:39  Probe (Chrono Boost)  
  21  1:47  Pylon  
  21  1:49  Pylon  
  21  1:53  Pylon  
  21  2:02  Forge  
  21  2:25  Pylon  
  21  2:38  Photon Cannon  
  21  2:40  Photon Cannon  
  21  2:42  Photon Cannon  
  21  2:49  Photon Cannon  
  21  3:02  Photon Cannon  
  21  3:12  Photon Cannon  
  21  3:31  Photon Cannon  
  21  3:35  Photon Cannon  
  21  3:38  Photon Cannon  
  21  3:56  Photon Cannon  
Tags
 
Matchup
PvP
Spawn Locations
Cross Positions
Add a new tag
Caveats
  • Supply blocks, unpowered buildings, or Contaminate may cause inaccurate times.
  • Supply counts are checked every 10 seconds.